 Dungeon Crawl Stone Soup version 0.22-a0-422-g9628fc87f1 (webtiles) character file.

11064 Ikesh the Covert (level 12, -20/84 HPs)
             Began as a Formicid Enchanter on May 19, 2018.
             Was a Priest of Wu Jian.
             Killed from afar by a wizard (50 damage)
             ... with a crystal spear
             ... on level 10 of the Dungeon.
             The game lasted 01:35:45 (17223 turns).

Ikesh the Covert (Formicid Enchanter)              Turns: 17223, Time: 01:35:46

Health: -20/84     AC: 10    Str: 15    XL:     12   Next: 3%
Magic:  16/16      EV: 13    Int: 17    God:    Wu Jian [***...]
Gold:   513        SH:  0    Dex: 14    Spells: 12/30 levels left

rFire    + . .     SeeInvis +   t - +7 long sword "Grum" {freeze, rN+ MP-9 Dex+2}
rCold    + + .     Gourm    .   (no shield)
rNeg     + + .     Faith    .   w - +2 leather armour {rN+}
rPois    .         Spirit   .   (helmet unavailable)
rElec    .         Reflect  .   f - scarf {rC+ rF+}
rCorr    .         Harm     .   (no gloves)
MR       +....                  g - +1 pair of boots
Stlth    +++++.....             (no amulet)
HPRegen  0.24/turn              u - +3 ring of protection
MPRegen  0.15/turn              q - ring of protection from cold

@: no status effects
A: permanent stasis, dig shafts and tunnels, four strong arms, antennae 3
a: Dig, Shaft Self, Wall Jump, Serpent's Lash, Renounce Religion


You were on level 10 of the Dungeon.
You worshipped Wu Jian.
Wu Jian was most pleased with you.
You were not hungry.

You visited 2 branches of the dungeon, and saw 12 of its levels.

You collected 513 gold pieces.

Inventory:

Hand Weapons
 t - the +7 long sword "Grum" (weapon) {freeze, rN+ MP-9 Dex+2}
   (You found it on level 9 of the Dungeon)

   It has been specially enchanted to freeze those struck by it, causing extra
   injury to most foes and up to half again as much damage against particularly
   susceptible opponents.
   It can also slow down cold-blooded creatures.
   It affects your dexterity (+2).
   It protects you from negative energy.
   It affects your magic capacity (-9).
 y - a +2 dagger of speed
Armour
 f - a scarf of resistance (worn)
 g - a +1 pair of boots (worn)
 j - a +2 robe of positive energy
 r - a +0 shield
 w - a +2 leather armour of positive energy (worn)
 x - a +2 robe of cold resistance
Magical Staves
 A - an uncursed staff of wizardry
Jewellery
 p - an uncursed amulet of guardian spirit
 q - a ring of protection from cold (right hand)
 u - a +3 ring of protection (left hand)
 B - an uncursed ring of resist corrosion
 C - an uncursed ring of protection from cold
Wands
 k - a wand of paralysis (11)
 n - a wand of polymorph (33)
 D - a wand of enslavement (10)
Scrolls
 b - 4 scrolls of amnesia
 h - a scroll of vulnerability {unknown}
 i - 9 scrolls of identify
 l - 4 scrolls of remove curse
 o - a scroll of fear
 s - 2 scrolls of fog
 z - a scroll of enchant weapon {unknown}
Potions
 a - a potion of might
 c - a potion of heal wounds
 e - 4 potions of curing
 F - a potion of mutation {unknown}
Miscellaneous
 v - a phantom mirror
Comestibles
 d - 5 rations


   Skills:
 + Level 4.3 Fighting
 + Level 4.3(5.8) Short Blades
 + Level 6.0(6.6) Long Blades
 + Level 3.1 Armour
 + Level 3.8 Dodging
 + Level 11.7 Stealth
 + Level 9.6 Spellcasting
 + Level 10.5 Hexes
 - Level 2.0 Ice Magic
 + Level 0.7 Evocations


You had 12 spell levels left.
You knew the following spells:

 Your Spells              Type           Power        Failure   Level  Hunger
a - Tukima's Dance        Hex            #####...     1%          3    None
b - Ensorcelled Hibernat  Hex/Ice        ####..       1%          2    None
c - Confuse               Hex            #####...     1%          3    None
d - Dazzling Spray        Conj/Hex       ####..       3%          3    None
e - Call Canine Familiar  Summ           #.......     32%         3    None
f - Cause Fear            Hex            #####.....   1%          4    ###....

Your spell library contained the following spells:

 Spells                   Type           Power        Failure   Level  Hunger
 Summon Ice Beast         Ice/Summ       ##......     58%         4    ###....
 Deflect Missiles         Chrm/Air       #.........   100%        6    ######.
 Confusing Touch          Hex            #####.       1%          1    None
 Metabolic Englaciation   Hex/Ice        ####......   22%         5    #####..
 Summon Butterflies       Summ           #.......     11%         1    None
 Silence                  Hex/Air        ####......   34%         5    #####..
 Corona                   Hex            #####..      1%          1    None
 Petrify                  Tmut/Erth      #.......     73%         4    ###....
 Summon Hydra             Summ           #.........   100%        7    #######
 Discord                  Hex            #####.....   100%        8    #######
 Summon Mana Viper        Hex/Summ       ####....     34%         5    #####..
 Gell's Gravitas          Tloc           #.........   32%         3    None
 Yara's Violent Unravell  Hex/Tmut       ####......   34%         5    #####..


Dungeon Overview and Level Annotations

Branches:
Dungeon (11/15)            Temple (1/1) D:6            Lair (0/6) D:10
    Orc: D:9-12

Altars:
Ashenzari
Cheibriados
Dithmenos
Elyvilon
Fedhas
Gozag
Hepliaklqana
Kikubaaqudgha
Makhleb
Nemelex Xobeh
Okawaru
Ru
Sif Muna
Wu Jian
Xom
Yredelemnul

Shops:
D:6 (

Annotations:
D:4 ciphuk's ghost, novice KoHu
D:8 bezhaha's ghost, novice DrWn
D:11 Ikesh's ghost, journeyman KoEn


Innate Abilities, Weirdness & Mutations

You cannot be hasted, slowed, berserked, paralysed or teleported.
You can dig through walls and to a lower floor.
Your four strong arms can wield two-handed weapons with a shield.
You have a pair of large antennae on your head. (SInv)


Message History

You closely miss the wizard.
The wizard is moderately wounded.
The wizard barely misses you.
You riposte.
You slash the wizard! You freeze the wizard!
The wizard is severely wounded.
You spin and attack the wizard.
You barely miss the wizard.
The wizard is severely wounded.
The wizard hits you with a dagger.
You barely miss the wizard.
The wizard is severely wounded.
The wizard hits you but does no damage.
You spin and attack the wizard.
You hit the wizard. You freeze the wizard.
The wizard is severely wounded.
The wizard hits you but does no damage.
You closely miss the wizard.
The wizard is severely wounded.
The wizard points at you and mumbles some strange words.
The crystal spear hits you!
Ouch! That really hurt!
You die...

####### #.....#
#.....# #...).#
#.>...#
###p.#####
#######@.##..##
#.............#
#..(...[...)..#
###
###..##..###'####
..##
#..##..###....#
...#
#............##
...#
#.....<......#
...#
#............#
...#
#............#


You could see a wizard (pinned).

Vanquished Creatures
  3 two-headed ogres
  The ghost of Arsonius the Gouger, a novice FeWr of Sif Muna (D:10)
  2 orc sorcerers
  A deep elf mage (D:11)
  3 trolls
  3 hippogriffs
  2 wraiths (D:10)
  8 yaks
  A hungry ghost (D:10)
  A steam dragon (D:9)
  2 water moccasins (D:10)
  An orc warrior (D:10)
  4 sky beasts
  A black bear (D:10)
  An ice beast (D:7)
  5 ogres
  2 phantoms
  A necrophage (D:7)
  3 centaurs
  A big kobold (D:10)
  8 bullfrogs
  2 scorpions (D:5)
  8 killer bees
  A wight (D:6)
  An electric eel (D:11)
  A howler monkey (D:6)
  A bullfrog zombie (D:9)
  2 crimson imps
  A jelly (D:9)
  A quasit (D:11)
  11 orc priests
  4 hounds
  12 orc wizards
  A gnoll shaman (D:8)
  3 iguanas
  8 worker ants
  2 hound skeletons
  A howler monkey skeleton (D:10)
  2 worker ant zombies (D:5)
  15 adders
  5 gnolls
  2 shadow imps
  3 oozes
  3 worms
  2 dart slugs
  5 leopard geckos
  50 orcs
  2 ball pythons (D:1)
  8 bats
  7 giant cockroaches
  7 goblins
  10 hobgoblins
  16 jackals
  6 quokkas
  7 frilled lizards
  A jackal skeleton (D:6)
  12 kobolds
  2 quokka skeletons (D:4)
  6 rats
285 creatures vanquished.

Vanquished Creatures (collateral kills)
  An orc warrior (D:10)
  An ogre (D:11)
  2 wights (D:6)
4 creatures vanquished.

Vanquished Creatures (others)
  A dancing weapon (D:10)
  An electric eel (D:11)
2 creatures vanquished.

Grand Total: 291 creatures vanquished

Notes
Turn   | Place    | Note
-------+----------+-------------------------------------------
     0 | D:1      | Ikesh the Formicid Enchanter began the quest for the Orb.
     0 | D:1      | Reached XP level 1. HP: 13/13 MP: 3/3
   393 | D:1      | Reached XP level 2. HP: 19/19 MP: 5/5
   397 | D:1      | Learned a level 2 spell: Ensorcelled Hibernation
   613 | D:1      | Reached skill level 4 in Stealth
   675 | D:1      | Reached XP level 3. HP: 22/24 MP: 1/6
  1549 | D:2      | Noticed a centaur
  1599 | D:2      | Reached XP level 4. HP: 30/30 MP: 8/8
  1620 | D:2      | Learned a level 3 spell: Confuse
  1826 | D:2      | Found a snail-covered altar of Cheibriados.
  1894 | D:2      | Killed a centaur
  1894 | D:2      | Reached skill level 5 in Stealth
  1894 | D:2      | Reached skill level 1 in Ice Magic
  1894 | D:2      | Reached XP level 5. HP: 14/36 MP: 6/9
  2075 | D:2      | Learned a level 3 spell: Tukima's Dance
  2094 | D:2      | Noticed a bullfrog
  2115 | D:1      | Killed a bullfrog
  2115 | D:1      | Reached XP level 6. HP: 12/42 MP: 1/11
  2809 | D:2      | Noticed an ice beast
  2841 | D:1      | HP: 1/42 [ice beast (5)]
  3412 | D:3      | Learned a level 3 spell: Dazzling Spray
  4087 | D:4      | Reached skill level 6 in Stealth
  4109 | D:4      | Noticed ciphuk's ghost (novice KoHu)
  4120 | D:5      | Entered Level 5 of the Dungeon
  4123 | D:5      | Reached skill level 1 in Fighting
  4373 | D:5      | Reached XP level 7. HP: 47/48 MP: 12/12
  4538 | D:4      | Reached skill level 1 in Long Blades
  5047 | D:4      | Reached skill level 5 in Hexes
  6275 | D:5      | Reached XP level 8. HP: 20/54 MP: 4/15
  6464 | D:5      | Found a burning altar of Makhleb.
  7152 | D:5      | Reached skill level 5 in Spellcasting
  8107 | D:5      | Noticed a hippogriff
  8109 | D:5      | Reached skill level 7 in Stealth
  8125 | D:5      | Killed a hippogriff
  8151 | D:5      | Learned a level 3 spell: Call Canine Familiar
  8251 | D:5      | Reached XP level 9. HP: 40/61 MP: 5/18
  8814 | D:6      | Found Cicociow's Antique Weapon Emporium.
  9152 | D:6      | Found a staircase to the Ecumenical Temple.
  9157 | Temple   | Entered the Ecumenical Temple
  9181 | Temple   | Became a worshipper of the Wu Jian Council
  9367 | D:6      | Reached skill level 8 in Stealth
  9893 | D:7      | Noticed a hippogriff
  9917 | D:7      | Killed a hippogriff
 10019 | D:7      | Found a basalt altar of Yredelemnul.
 10024 | D:7      | Found a shimmering altar of Xom.
 10029 | D:7      | Found an opulent altar of Gozag.
 10040 | D:7      | Found a sacrificial altar of Ru.
 10128 | D:7      | Got a dazzling trident {drain}
 10131 | D:7      | Identified the cursed +1 trident "Noppib" {drain, -Tele rPois rF+ SInv} (You took it off an orc on level 7 of the Dungeon)
 10449 | D:7      | Reached * piety under Wu Jian
 10546 | D:7      | Noticed a hippogriff
 10636 | D:7      | Killed a hippogriff
 10636 | D:7      | Reached skill level 9 in Stealth
 10636 | D:7      | Reached XP level 10. HP: 57/68 MP: 16/21
 10934 | D:8      | Noticed a two-headed ogre
 10948 | D:8      | Killed a two-headed ogre
 10948 | D:8      | Reached skill level 10 in Stealth
 11295 | D:8      | Noticed bezhaha's ghost (novice DrWn)
 12639 | D:8      | Learned a level 4 spell: Cause Fear
 12879 | D:9      | Got an ancient long sword
 12880 | D:9      | Identified the +7 long sword "Grum" {freeze, rN+ MP-9 Dex+2} (You found it on level 9 of the Dungeon)
 12881 | D:9      | Noticed a two-headed ogre
 13064 | D:8      | HP: 2/69 [two-headed ogre/giant spiked club (17)]
 13065 | D:8      | Killed a two-headed ogre
 13065 | D:8      | Reached skill level 1 in Armour
 13520 | D:9      | Reached XP level 11. HP: 59/75 MP: 4/23
 13735 | D:9      | Reached ** piety under Wu Jian
 13922 | D:9      | Noticed a two-headed ogre
 13943 | D:9      | Killed a two-headed ogre
 14097 | D:9      | Reached skill level 11 in Stealth
 14260 | D:10     | Entered Level 10 of the Dungeon
 14281 | D:10     | Noticed Arsonius's ghost (novice FeWr)
 14964 | D:10     | Killed Arsonius's ghost
 14964 | D:10     | Reached skill level 5 in Long Blades
 14992 | D:10     | Reached skill level 10 in Hexes
 15063 | D:10     | Found a staircase to the Lair.
 15583 | D:10     | Reached *** piety under Wu Jian
 15629 | D:11     | Noticed an orc sorcerer
 15630 | D:11     | Noticed a wizard
 15631 | D:11     | Noticed an orc sorcerer
 15631 | D:11     | Noticed a wizard
 15654 | D:10     | Killed an orc sorcerer
 15798 | D:11     | Noticed a deep elf mage
 15878 | D:11     | Killed a deep elf mage
 15903 | D:11     | Killed an orc sorcerer
 16849 | D:10     | Reached XP level 12. HP: 64/84 MP: 7/25
 17215 | D:11     | Noticed Ikesh's ghost (journeyman KoEn)
 17223 | D:10     | Killed from afar by a wizard

Vault maps used:
D:1:      minmay_arrival_stair_chambers, minmay_misc_feat_doors
D:2:      cheibriados_altar_1
D:3:      minmay_misc_feat_plants
D:5:      cheibrodos_barr_body, makhleb_heckhound_becter, first_ration
D:6:      minmay_temple_entry_nine_rooms, serial_shops, kennysheep_little_box
D:7:      grunt_temple_overflow_cloverleaf
D:10:     lair_entry_dummy
D:11:     cheibrodos_wizards_tower, serial_shops, kennysheep_mini_moat,
          hangedman_little_slice_of_home, st_stairs_7
Temple:   eino_temple_rhombus

Skill      XL: |  1  2  3  4  5  6  7  8  9 10 11 |
---------------+----------------------------------+-----
Hexes          | 4 5 6 8 9 10 | 10.5
Stealth        | 4 5 6 7 9 10 11 | 11.7
Dodging        | 2 3 |  3.8
Spellcasting   | 3 4 6 7 8 9 |  9.6
Ice Magic      | 1 2 |  2.0
Fighting       | 1 2 3 4 |  4.3
Long Blades    | 2 3 6 |  6.0
Short Blades   | 2 3 4 |  4.3
Armour         | 1 3 |  3.1
Evocations     | |  0.7

Action                   |  1- 3 |  4- 6 |  7- 9 | 10-12 || total
-------------------------+-------+-------+-------+-------++-------
Melee: Dagger            |    89 |   120 |   202 |   120 ||   531
       Falchion          |       |    42 |   171 |       ||   213
       Long sword        |       |       |       |   267 ||   267
 Cast: Corona            |     6 |       |       |       ||     6
       Ensorcelled Hiber |    21 |    37 |    27 |    30 ||   115
       Confuse           |       |    18 |   109 |    85 ||   212
       Tukima's Dance    |       |       |     4 |     3 ||     7
       Dazzling Spray    |       |       |     1 |    12 ||    13
       Cause Fear        |       |       |       |     1 ||     1
Invok: Lunge             |       |       |    19 |    33 ||    52
       Whirlwind         |       |       |       |   130 ||   130
       Wall Jump         |       |       |       |     2 ||     2
Evoke: Wand              |       |       |     6 |    11 ||    17
  Use: Scroll            |     2 |     7 |     4 |     4 ||    17
       Potion            |       |     1 |     5 |     4 ||    10
 Stab: Sleeping          |    20 |    25 |    35 |    30 ||   110
       Distracted        |     1 |     1 |       |       ||     2
       Confused          |       |     5 |    40 |    33 ||    78
       Paralysed         |       |       |     1 |     3 ||     4
       Invisible         |       |       |       |     2 ||     2
  Eat: Chunk             |     4 |     6 |    11 |    13 ||    34
       Ration            |       |     2 |     5 |     4 ||    11
Armor: Robe              |     6 |    52 |    55 |    19 ||   132
       Leather armour    |    20 |     1 |       |    90 ||   111
Dodge: Dodged            |    57 |   118 |   181 |   204 ||   560
       Rpst.: Falchion   |       |    10 |    32 |       ||    42
       Long sword        |       |       |       |    45 ||    45

Table legend:
 A = Spawn XP
 B = Non-spawn XP
 C = Spawn XP percentage of total XP
 D = Spawn monster count
 E = Non-spawn monster count
 F = Spawn count percentage of total count
 G = Total turns spent on level
                    A         B        C        D         E        F      G
               +---------+---------+-------+---------+---------+-------+---------
         Total |       0 |   15807 |   0.0 |       0 |     289 |   0.0 | 17223
               +---------+---------+-------+---------+---------+-------+---------
           D:1 |       0 |     147 |   0.0 |       0 |      36 |   0.0 |  1887
           D:2 |       0 |     205 |   0.0 |       0 |      20 |   0.0 |  1457
           D:3 |       0 |      60 |   0.0 |       0 |      17 |   0.0 |   721
           D:4 |       0 |     331 |   0.0 |       0 |      23 |   0.0 |  1440
           D:5 |       0 |    1199 |   0.0 |       0 |      38 |   0.0 |  2766
           D:6 |       0 |     803 |   0.0 |       0 |      33 |   0.0 |  1504
           D:7 |       0 |    1316 |   0.0 |       0 |      16 |   0.0 |  1456
           D:8 |       0 |    2722 |   0.0 |       0 |      31 |   0.0 |  2063
           D:9 |       0 |    3147 |   0.0 |       0 |      20 |   0.0 |  1270
          D:10 |       0 |    4465 |   0.0 |       0 |      47 |   0.0 |  2407
          D:11 |       0 |    1412 |   0.0 |       0 |       8 |   0.0 |   208
               +---------+---------+-------+---------+---------+-------+---------
